 Dungeon Crawl Stone Soup version 0.25-a0-565-g8875c97ebb (webtiles) character file.

Game seed: 12532078194747291269, levelgen mode: classic

46525 EnegeticOcto the Champion of Chaos (level 14, 135/135 HPs)
             Began as a Deep Dwarf Fighter on Feb 26, 2020.
             Was the Champion of Makhleb.
             Quit the game on level 4 of the Lair of Beasts.
             The game lasted 00:08:54 (11649 turns).

EnegeticOcto the Champion of Chaos (DDFi)          Turns: 11649, Time: 00:08:55

Health: 135/135    AC: 17    Str: 23    XL:     14   Next: 5%
Magic:  15/15      EV: 15    Int: 11    God:    Makhleb [******]
Gold:   978        SH: 18    Dex: 12    Spells: 13/13 levels left

rFire    . . .     SeeInvis .   a - +1 war axe (venom)
rCold    + . .     Gourm    .   K - +0 tower shield (curse)
rNeg     + . .     Faith    .   c - +2 chain mail {rC+}
rPois    .         Spirit   .   i - +1 helmet
rElec    .         Reflect  .   (no cloak)
rCorr    .         Harm     .   (no gloves)
MR       ++...                  g - +0 pair of boots
Stlth    ..........             (no amulet)
HPRegen  0.00/turn              o - +3 ring of evasion
MPRegen  0.14/turn              u - +3 ring of evasion

@: non-regenerating
A: damage resistance, heal wounds, negative energy resistance 1, sense
surroundings 2, no regeneration
a: Heal Wounds, Minor Destruction, Lesser Servant of Makhleb, Major Destruction,
Greater Servant of Makhleb, Renounce Religion


You were on level 4 of the Lair of Beasts.
You worshipped Makhleb.
Makhleb was exalted by your worship.
You were not hungry.

You visited 2 branches of the dungeon, and saw 17 of its levels.
You also visited: Ossuary.

You collected 1038 gold pieces.
You spent 60 gold pieces at shops.

Inventory:

Hand Weapons
 a - a +1 war axe of venom (weapon)
Missiles
 B - 7 throwing nets (quivered)
Armour
 c - a +2 chain mail of cold resistance (worn)
 g - a +0 pair of boots (worn)
 i - a +1 helmet (worn)
 K - a cursed +0 tower shield (worn)
Jewellery
 o - a +3 ring of evasion (left hand)
 u - a +3 ring of evasion (right hand)
 M - an uncursed amulet of harm {unknown}
 P - an uncursed ring of poison resistance {unknown}
Wands
 b - a wand of digging (7) {@v2}
 v - a wand of iceblast (20)
 w - a wand of polymorph (19)
 C - a wand of flame (43)
 O - a wand of paralysis (4)
Scrolls
 h - a scroll of holy word
 r - 6 scrolls of remove curse {@r6}
 x - 3 scrolls of fog
 y - 4 scrolls of teleportation {@r2}
 A - a scroll of magic mapping {@r5}
 D - 2 scrolls of blinking {@r3}
 E - a scroll of vulnerability
 G - 2 scrolls of fear
 J - 2 scrolls of enchant weapon
 L - a scroll of summoning
 N - a scroll of immolation {@r4}
 S - 2 scrolls of identify {@r1}
Potions
 d - 3 potions of heal wounds {@q2}
 f - 4 potions of brilliance
 j - 2 potions of stabbing {@q5}
 k - 4 potions of might {@q3}
 l - 3 potions of flight
 m - 3 potions of resistance {@q6}
 n - 5 potions of haste {@q4}
 p - 3 potions of lignification {@q7}
 q - 2 potions of magic
 s - 2 potions of mutation
 t - 8 potions of curing {@q1}
 z - a potion of ambrosia
 H - a potion of cancellation {unknown}
 I - a potion of berserk rage
 R - a potion of invisibility {unknown}
Miscellaneous
 F - a lamp of fire (inert)
Comestibles
 e - 38 rations
 Q - 4 chunks of flesh


   Skills:
 * Level 11.2 Fighting
 * Level 12.8 Axes
 + Level 9.7 Armour
 - Level 7.9 Dodging
 * Level 10.6 Shields
 * Level 14.4 Invocations


You had 13 spell levels left.
You didn't know any spells.
Your spell library was empty.

Dungeon Overview and Level Annotations

Branches:
Dungeon (13/15)            Temple (0/1) D:6            Lair (4/6) D:9
  Swamp (0/4) Lair:4       Spider (0/4) Lair:2          Orc (0/2) D:11
 Vaults (0/5) D:13        Ossuary (visited)

Altars:
Ashenzari
Cheibriados
Dithmenos
Elyvilon
Fedhas
Hepliaklqana
Kikubaaqudgha
Makhleb
Qazlal
Uskayaw
Xom
Yredelemnul

Shops:
D:13 *

Annotations:
Lair:1 exclusion: 3 oklob plants
Lair:3 exclusion: oklob plant


Innate Abilities, Weirdness & Mutations

You are resistant to damage.
You can heal yourself by infusing magical energy.
You resist negative energy. (rN+)
You passively map the area around you.
You do not regenerate.


Message History

You are too confused!
You are too confused!
You are too confused!
You are too confused!
You are too confused!
You are too confused!
You are too confused!
You are too confused!
A swamp drake is nearby!
A swamp drake is nearby!
You are too confused!
You are too confused!
You are too confused!
You closely miss the swamp drake.
The swamp drake is heavily wounded.
You feel less confused. You block the swamp drake's attack.
You hit the swamp drake.
The swamp drake is severely wounded.
You block the swamp drake's attack.
You slash the swamp drake!
The swamp drake is almost dead.
You block the swamp drake's attack.
You hit the swamp drake.
You kill the swamp drake!
Makhleb accepts your kill.
You see here a swamp drake corpse.
No target in view!
No target in view!
No target in view!
No target in view!
No target in view!
No target in view!
No target in view!
No target in view!
No target in view!
Found a ring mail.
A crocodile comes into view.
A crocodile is nearby!
A crocodile is nearby!
A crocodile is nearby!
A crocodile is nearby!
A crocodile is nearby!
A crocodile is nearby!
No target in view!
No target in view!
No target in view!
No target in view!
No target in view!
No target in view!
No target in view!
No target in view!
No target in view!
No target in view!
Found 22 stones.
A crocodile is nearby!
A crocodile is nearby!
A crocodile is nearby!
A crocodile is nearby!
A crocodile is nearby!
Found 23 stones.
You hit the crocodile.
The crocodile is lightly wounded.
You block the crocodile's attack.
You closely miss the crocodile.
The crocodile is lightly wounded.
The crocodile misses you.
You hit the crocodile but do no damage.
The crocodile is poisoned.
The crocodile is lightly wounded.
You block the crocodile's attack.
You closely miss the crocodile.
The crocodile is lightly wounded.
The crocodile barely misses you.
You slash the crocodile!
The crocodile looks as sick as possible!
The crocodile is heavily wounded.
You block the crocodile's attack.
You hit the crocodile but do no damage.
The crocodile is heavily wounded.
You block the crocodile's attack.
You hit the crocodile.
The crocodile looks as sick as possible!
The crocodile is almost dead.
You kill the crocodile!
Makhleb accepts your kill.
No target in view!
b - a wand of digging (7) {@v2} (gained 2 charges)
You enter the shallow water.
Moving in this stuff is going to be slow.
You enter the shallow water.
Moving in this stuff is going to be slow.
Some of the chunks of flesh in your inventory have rotted away.
S - 2 scrolls of identify {@r1} (gained 1)
You now have 978 gold pieces (gained 21).
A spiny frog comes into view.
The spiny frog gives a loud, deep croak!
A spiny frog is nearby!
A spiny frog is nearby!
A spiny frog is nearby!
Are you sure you want to abandon this character and quit the game? (Confirm with "yes".)

###.# #.#.## * ##.. , **
# ### ..#.# $#.... , , #
###...#*#.... #
##.##..###... ,,, , **
,* ###P.##......# , ,
###P...###.....# * ,
##.......##.....# ,*
.#..............## * , *
* , ......##........@# ,
*
..P#.###................
* ..P###
#P.....###....... .###
#......#* .......** * ##
#.........,...#.F. #
#.......###.....#. * ..
#.......# *....## ..#
,....... .....*** , ....
, * ,, ,,,


You could see a spiny frog.

Vanquished Creatures
  Gastronok (D:9)
  Nessos (D:12)
  Snorg (D:11)
  Harold (D:9)
  2 hydras
  A catoblepas (D:13)
  Erolcha (D:9)
  2 centaur warriors
  6 two-headed ogres
  Urug (D:13)
  A tengu warrior (D:13)
  Sonja (D:12)
  2 unseen horrors
  Pikel (D:5)
  An ugly thing (D:12)
  4 manticores
  A deep elf mage (D:12)
  2 black mambas
  A gargoyle (D:11)
  8 spiny frogs
  2 centaur skeletons
  A rime drake (Lair:3)
  2 kobold demonologists (D:12)
  2 komodo dragons
  A tengu conjurer (D:13)
  3 trolls
  Grinder (D:6)
  Prince Ribbit (D:7)
  2 slime creatures (D:8)
  A meliai zombie (D:12)
  6 hippogriffs
  2 wraiths
  4 wyverns
  46 yaks
  2 redbacks (Lair:2)
  16 humans (D:13)
  Sigmund (D:5)
  2 shadows
  4 hungry ghosts
  A steam dragon (D:12)
  2 wargs (D:11)
  2 acid dragons
  6 water moccasins
  Duvessa (D:6)
  4 orc warriors
  4 ice beasts
  A slave (D:5)
  A swamp drake (Lair:4)
  5 porcupines
  3 black bears
  3 sky beasts
  3 necrophages
  An eye of draining (D:12)
  2 centaurs
  6 ogres
  6 wolves (Lair:4)
  5 crocodiles
  5 big kobolds
  A gnoll sergeant (D:9)
  16 bullfrogs
  Dowan (D:6)
  4 scorpions
  5 killer bees (D:10)
  3 wights (D:11)
  7 crimson imps
  A howler monkey (D:5)
  4 bullfrog zombies
  A centaur zombie (D:10)
  8 hounds
  6 jellies
  3 bullfrog skeletons
  4 orc priests
  Jessica (D:2)
  Natasha (D:3)
  3 iguanas
  17 orc wizards
  19 worker ants
  2 hound skeletons
  2 hound zombies
  A mummy (Ossuary)
  16 adders
  13 gnolls
  4 shadow imps
  7 oozes
  An adder skeleton (D:8)
  4 adder zombies
  A worm (D:6)
  7 leopard geckos
  50 orcs
  A giant cockroach (D:2)
  3 goblins
  2 hobgoblins
  12 jackals
  16 kobolds
  6 quokkas
  9 ball pythons
  8 bats
  5 frilled lizards
  2 gnoll skeletons (Ossuary)
  5 kobold skeletons (Ossuary)
  A leopard gecko skeleton (D:5)
  7 orc skeletons (Ossuary)
  A quokka zombie (D:3)
  5 rats
  A plant (Lair:3)
496 creatures vanquished.

Vanquished Creatures (collateral kills)
  2 ugly things (D:11)
  A komodo dragon (D:11)
  A tengu conjurer (D:13)
  3 orc warriors (D:11)
  A centaur (D:11)
  A wight (D:11)
  2 orcs (D:11)
11 creatures vanquished.

Vanquished Creatures (others)
  A jelly (D:5)
  6 toadstools (D:8)
7 creatures vanquished.

Grand Total: 514 creatures vanquished

Notes
Turn   | Place    | Note
-------+----------+-------------------------------------------
     0 | D:1      | EnegeticOcto the Deep Dwarf Fighter began the quest for the
                  | Orb.
     0 | D:1      | Reached XP level 1. HP: 20/20 MP: 1/1
   357 | D:1      | Reached XP level 2. HP: 24/27 MP: 2/2
   472 | D:2      | Found a hide-covered altar of Uskayaw.
   483 | D:2      | Found a hazy altar of Hepliaklqana.
   571 | D:2      | Reached XP level 3. HP: 29/34 MP: 3/3
   766 | D:2      | Found a burning altar of Makhleb.
   772 | D:2      | Reached skill level 1 in Dodging
   779 | D:2      | Became a worshipper of Makhleb the Destroyer
   842 | D:2      | Noticed Jessica
   859 | D:2      | Killed Jessica
   859 | D:2      | Reached XP level 4. HP: 20/42 MP: 4/4
  1121 | D:3      | Reached skill level 1 in Invocations
  1189 | D:3      | Reached skill level 2 in Invocations
  1189 | D:3      | Reached XP level 5. HP: 32/49 MP: 6/6
  1207 | D:3      | Found a white marble altar of Elyvilon.
  1325 | D:3      | Noticed Natasha
  1350 | D:3      | Killed Natasha
  1350 | D:3      | Reached * piety under Makhleb
  1505 | D:4      | Found a blossoming altar of Fedhas.
  1549 | D:4      | Reached XP level 6. HP: 46/57 MP: 0/8
  1642 | D:4      | Reached skill level 3 in Invocations
  1814 | D:4      | Found a shimmering altar of Xom.
  2456 | D:4      | Reached XP level 7. HP: 51/64 MP: 9/9
  2507 | D:5      | Entered Level 5 of the Dungeon
  2520 | D:5      | Reached ** piety under Makhleb
  2520 | D:5      | Reached skill level 4 in Invocations
  2583 | D:5      | Noticed Pikel
  2605 | D:5      | Killed Pikel
  2605 | D:5      | Reached skill level 5 in Fighting
  2605 | D:5      | Reached skill level 5 in Axes
  2605 | D:5      | Reached skill level 5 in Invocations
  2605 | D:5      | Reached XP level 8. HP: 73/74 MP: 9/11
  2785 | D:5      | Noticed Sigmund
  2799 | D:5      | Killed Sigmund
  2799 | D:5      | Reached skill level 5 in Armour
  2799 | D:5      | Reached skill level 5 in Shields
  2799 | D:5      | Reached skill level 6 in Invocations
  3086 | D:6      | Found a sand-covered staircase.
  3115 | D:6      | Found a hazy altar of Hepliaklqana.
  3131 | Ossuary  | Entered an ossuary
  3141 | Ossuary  | Reached *** piety under Makhleb
  3187 | Ossuary  | Gained mutation: You passively map the area around you.
                  | [Deep Dwarf growth]
  3187 | Ossuary  | Reached XP level 9. HP: 82/82 MP: 13/13
  3281 | D:6      | Found a staircase to the Ecumenical Temple.
  3328 | D:6      | Reached skill level 7 in Invocations
  3647 | D:6      | Noticed Duvessa
  3647 | D:6      | Noticed Dowan
  3658 | D:6      | Killed Duvessa
  3660 | D:6      | Killed Dowan
  3678 | D:6      | Noticed Grinder
  3698 | D:6      | Killed Grinder
  4087 | D:7      | Noticed Prince Ribbit
  4192 | D:7      | Killed Prince Ribbit
  4192 | D:7      | Reached skill level 8 in Invocations
  4718 | D:8      | Noticed a two-headed ogre
  4725 | D:8      | Killed a two-headed ogre
  4725 | D:8      | Reached skill level 5 in Dodging
  4725 | D:8      | Reached XP level 10. HP: 92/92 MP: 15/15
  4726 | D:8      | Reached **** piety under Makhleb
  4994 | D:8      | Found a stormy altar of Qazlal.
  5335 | D:8      | Reached skill level 9 in Invocations
  5403 | D:8      | Found a shattered altar of Ashenzari.
  5403 | D:8      | Found a snail-covered altar of Cheibriados.
  5403 | D:8      | Found a basalt altar of Yredelemnul.
  5418 | D:8      | Found a shadowy altar of Dithmenos.
  5708 | D:9      | Noticed a centaur warrior
  5708 | D:9      | Noticed Harold
  5709 | D:9      | Noticed Gastronok
  5728 | D:9      | Killed a centaur warrior
  5734 | D:9      | Killed Harold
  5756 | D:9      | Killed Gastronok
  5756 | D:9      | Reached skill level 10 in Invocations
  5756 | D:9      | Reached XP level 11. HP: 103/103 MP: 15/15
  5812 | D:9      | Found a staircase to the Lair.
  5862 | D:9      | Found an ancient bone altar of Kikubaaqudgha.
  5885 | D:9      | Noticed Erolcha
  5893 | D:9      | Reached ***** piety under Makhleb
  5901 | D:9      | Killed Erolcha
  6396 | D:10     | Entered Level 10 of the Dungeon
  6505 | D:10     | Identified the +6 scimitar of Destruction {freeze, rN++}
  6847 | D:10     | Reached skill level 11 in Invocations
  6850 | D:10     | Reached skill level 10 in Axes
  7028 | D:10     | Noticed a two-headed ogre
  7039 | D:10     | Killed a two-headed ogre
  7258 | D:11     | Noticed Snorg
  7277 | D:11     | Noticed a cyan ugly thing
  7283 | D:11     | Noticed a brown ugly thing
  7286 | D:11     | Killed Snorg
  7286 | D:11     | Reached XP level 12. HP: 70/114 MP: 13/13
  7322 | D:11     | Found a staircase to the Orcish Mines.
  7717 | D:12     | Reached skill level 12 in Invocations
  7764 | D:12     | Reached ****** piety under Makhleb
  7836 | D:12     | Noticed a two-headed ogre
  7860 | D:12     | Killed a two-headed ogre
  8283 | D:12     | Noticed Nessos
  8308 | D:12     | Killed Nessos
  8308 | D:12     | Reached skill level 10 in Fighting
  8405 | D:12     | Noticed Sonja
  8443 | D:12     | Killed Sonja
  8622 | D:12     | Reached skill level 13 in Invocations
  8670 | D:13     | Found a gate to the Vaults.
  8670 | D:13     | Noticed Urug
  8670 | D:13     | Noticed a centaur warrior
  8670 | D:13     | Noticed a two-headed ogre
  8680 | D:13     | Reached XP level 13. HP: 96/123 MP: 13/13
  8702 | D:13     | Killed Urug
  8883 | D:13     | Found Dopynu's Assorted Antiques.
  8889 | D:13     | Bought a scroll labeled ROBAFIUFIM for 30 gold pieces
  8889 | D:13     | Bought a scroll labeled ROBAFIUFIM for 30 gold pieces
  9533 | Lair:1   | Entered Level 1 of the Lair of Beasts
  9687 | Lair:1   | Reached skill level 10 in Shields
  9970 | Lair:2   | Reached skill level 14 in Invocations
 10371 | Lair:2   | Found a hole to the Spider Nest.
 10841 | Lair:3   | Found a hazy altar of Hepliaklqana.
 11222 | Lair:3   | Gained mutation: You resist negative energy. (rN+) [Deep
                  | Dwarf growth]
 11222 | Lair:3   | Reached XP level 14. HP: 135/135 MP: 15/15
 11518 | Lair:4   | Found a staircase to the Swamp.
 11649 | Lair:4   | Quit the game

Levels and vault maps discovered:
D:1:      dpeg_arrival_circle_labyrinth_a, layout_basic, minmay_box_of_dots
D:2:      layout_loops_ring, gammafunk_temple_overflow_statue,
          lemuel_crystal_altar, uniq_jessica
D:3:      layout_basic, first_ration, elyvilon_altar_3, uniq_natasha
D:4:      layout_gridville, lemuel_round_altar, fedhas_ov_isle_minmay,
          minmay_snake_closets
D:5:      layout_rooms, uniq_pikel, uniq_sigmund
D:6:      layout_loops_corners, temple_pool_b,
          lightli_ossuary_entry_decrepit_ruins, basic_altar, uniq_duvessa,
          uniq_grinder
D:7:      layout_loops_ring, minmay_misc_feat_rugged, uniq_prince_ribbit1
D:8:      cheibrodos_fertilizer, layout_cave_pods,
          nicolae_qazlal_eye_of_the_storm, grunt_temple_overflow_cloverleaf,
          grunt_ogre_cave, kennysheep_decorative_pillar
D:9:      layout_basic, kiku_gazebo_garden_becter, lair_entry_dummy,
          minmay_radiant, uniq_harold, uniq_erolcha, uniq_gastronok
D:10:     layout_long_grid
D:11:     layout_roguey, david_orc_1_choice, uniq_snorg
D:12:     layout_basic, uniq_sonja, uniq_nessos
D:13:     layout_loops_cross, david_vaults_3, serial_shops,
          kennysheep_little_box, minmay_fractal_squares_5
Lair:1:   layout_cave_pods, minmay_lair_oklob_chamber
Lair:2:   layout_regular_city, spider_nest_entry_webs, serial_rivers,
          chequers_serial_rivers_micro_a, chequers_serial_rivers_room_b,
          chequers_serial_rivers_marsh, chequers_serial_rivers_small_a,
          chequers_serial_rivers_micro_d
Lair:3:   layout_chaotic_city, lemuel_oklob_altar, infiniplex_staircase_pool,
          grunt_megastairs_3
Lair:4:   layout_layer_cave, minmay_swamp_entry_reptiles, serial_bayou_pond_c

Skill      XL: |  1  2  3  4  5  6  7  8  9 10 11 12 13 |
---------------+----------------------------------------+-----
Fighting       | 3 4 5 6 8 9 10 11 | 11.2
Axes           | 3 4 5 6 7 9 10 11 12 | 12.8
Dodging        | 1 2 3 4 5 6 7 |  7.9
Invocations    | 2 3 5 6 8 10 11 13 14 | 14.4
Shields        | 4 5 6 7 8 9 10 | 10.6
Armour         | 4 5 6 7 8 9 |  9.7

Action                   |  1- 3 |  4- 6 |  7- 9 | 10-12 | 13-15 || total
-------------------------+-------+-------+-------+-------+-------++-------
Melee: War axe           |   105 |   236 |   316 |   764 |   417 ||  1838
Invok: Lesser Servant of |       |       |       |     3 |       ||     3
 Abil: Heal Wounds       |       |     3 |     4 |    22 |       ||    29
Evoke: Wand              |       |       |       |     1 |       ||     1
       Lamp of fire      |       |       |       |       |     2 ||     2
  Use: Scroll            |       |     6 |    16 |     4 |     3 ||    29
       Potion            |       |       |       |       |     1 ||     1
 Stab: Distracted        |       |       |       |     2 |       ||     2
  Eat: Chunk             |       |     6 |     8 |    18 |     8 ||    40
       Ration            |       |       |       |     2 |     1 ||     3
Armor: Scale mail        |    54 |   128 |   100 |       |       ||   282
       Plate armour      |       |       |    82 |   401 |    33 ||   516
       Chain mail        |       |       |       |       |    95 ||    95
Dodge: Dodged            |    40 |   145 |   183 |   433 |   216 ||  1017
Block: Kite shield       |    71 |   170 |   176 |   503 |       ||   920
       Tower shield      |       |       |       |    77 |   418 ||   495

Table legend:
 A = Non-vault XP
 B = Vault XP
 C = Vault XP percentage of total XP
 D = Non-vault monster count
 E = Vault monster count
 F = Vault count percentage of total count
                 A         B        C        D         E       F
            +---------+---------+-------+---------+---------+-------
      Total |   44799 |   21666 |  32.6 |     402 |     103 |  20.4
            +---------+---------+-------+---------+---------+-------
        D:1 |      24 |       0 |   0.0 |      11 |       0 |   0.0
        D:2 |      45 |      37 |  45.1 |      20 |       1 |   4.8
        D:3 |     181 |      36 |  16.6 |      25 |       1 |   3.8
        D:4 |     349 |      74 |  17.5 |      19 |      10 |  34.5
        D:5 |     645 |     837 |  56.5 |      25 |       2 |   7.4
        D:6 |    1003 |     504 |  33.4 |      17 |       3 |  15.0
        D:7 |     521 |     277 |  34.7 |      15 |       1 |   6.2
        D:8 |    1787 |     636 |  26.2 |      18 |      18 |  50.0
        D:9 |    2234 |    5353 |  70.6 |      25 |       7 |  21.9
       D:10 |    4275 |       0 |   0.0 |      45 |       0 |   0.0
       D:11 |    4544 |    1680 |  27.0 |      44 |      10 |  18.5
       D:12 |    9949 |    2133 |  17.7 |      53 |       2 |   3.6
       D:13 |    6036 |    7739 |  56.2 |      21 |      24 |  53.3
     Lair:1 |    2944 |       0 |   0.0 |      15 |       0 |   0.0
     Lair:2 |    4432 |     436 |   9.0 |      20 |       2 |   9.1
     Lair:3 |    4253 |    1354 |  24.1 |      20 |       2 |   9.1
     Lair:4 |    1577 |     318 |  16.8 |       9 |       4 |  30.8
    Ossuary |       0 |     252 | 100.0 |       0 |      16 | 100.0
            +---------+---------+-------+---------+---------+-------
